 Dungeon Crawl Stone Soup version 0.23.2-1-ga50397a (webtiles) character file.

Game seed: 11821064086067507479

64 Goblin1989 the Slinger (level 4, 0/38 HPs)
             Began as a Gnoll Hunter on May 13, 2019.
             Slain by a hound (2 damage)
             ... on level 2 of the Dungeon.
             The game lasted 00:03:08 (1802 turns).

Goblin1989 the Slinger (Gnoll Hunter)               Turns: 1802, Time: 00:03:09

Health: 0/38       AC:  5    Str: 16    XL:     4   Next: 12%
Magic:  5/5        EV: 13    Int: 13    God:
Gold:   25         SH:  0    Dex: 15    Spells: 5/5 levels left

rFire    . . .     SeeInvis .   j - +0 whip
rCold    . . .     Gourm    .   (no shield)
rNeg     . . .     Faith    .   m - +0 ring mail
rPois    .         Spirit   .   (no helmet)
rElec    .         Reflect  .   (no cloak)
rCorr    .         Harm     .   (no gloves)
MR       .....                  (no boots)
Stlth    ++........             (no amulet)
HPRegen  0.12/turn              (no ring)
MPRegen  0.09/turn              (no ring)

@: no status effects
A: distributed training, fangs 1, strong nose
a: no special abilities


You were on level 2 of the Dungeon.
You were hungry.

You visited 1 branch of the dungeon, and saw 2 of its levels.

You collected 25 gold pieces.

Inventory:

Hand Weapons
 a - a +1 hunting sling
 b - a +0 short sword
 j - a +0 whip (weapon)
Missiles
 d - 31 sling bullets
 f - 18 poisoned needles
 g - 67 stones (quivered) {@Q3}
 i - 2 tomahawks
Armour
 c - a +0 leather armour
 m - a +0 ring mail (worn)
Scrolls
 k - a scroll of enchant weapon {unknown}
 n - a scroll of enchant armour
 p - a scroll of teleportation {unknown}
 R - 2 scrolls of identify {@r1}
Comestibles
 e - 2 rations


   Skills:
 + Level 4.6 Fighting
 + Level 1.0 Short Blades
 + Level 1.0 Long Blades
 + Level 1.0 Axes
 + Level 1.0 Maces & Flails
 + Level 1.0 Polearms
 + Level 1.0 Staves
 + Level 8.5 Slings
 + Level 1.0 Bows
 + Level 1.0 Crossbows
 + Level 1.0 Throwing
 + Level 1.0 Armour
 + Level 4.6 Dodging
 + Level 2.5 Stealth
 + Level 1.0 Shields
 + Level 1.0 Unarmed Combat
 + Level 1.0 Spellcasting
 + Level 0.7 Conjurations
 + Level 0.7 Hexes
 + Level 0.7 Charms
 + Level 0.7 Summonings
 + Level 0.7 Necromancy
 + Level 0.7 Translocations
 + Level 0.7 Transmutations
 + Level 0.7 Fire Magic
 + Level 0.7 Ice Magic
 + Level 0.7 Air Magic
 + Level 0.7 Earth Magic
 + Level 0.7 Poison Magic
 + Level 1.1 Invocations
 + Level 1.0 Evocations


You had 5 spell levels left.
You didn't know any spells.
Your spell library was empty.

Dungeon Overview and Level Annotations

Branches:
Dungeon (2/15)

Altars:


Innate Abilities, Weirdness & Mutations

Your experience applies equally to all skills.
You have very sharp teeth.
Your uncanny sense of smell can sniff out nearby items.


Message History

The giant cockroach is severely wounded.
The giant cockroach completely misses you.
The giant cockroach misses you.
You barely miss the giant cockroach.
The giant cockroach is severely wounded.
The giant cockroach misses you.
You hit the giant cockroach.
You kill the giant cockroach!
The hound misses you. The hound completely misses you.
You hit the hound.
The hound is lightly wounded.
The hound bites you. x2
You take 3 damage, and have 30/38 hp.
You barely miss the hound.
The hound is lightly wounded.
The hound closely misses you.
You hit the hound but do no damage.
The hound is lightly wounded.
The hound bites you. x2
You take 6 damage, and have 24/38 hp.
You barely miss the hound.
The hound is lightly wounded.
The hound bites you but does no damage.
You barely miss the hound.
The hound is lightly wounded.
The hound bites you. The hound closely misses you.
You take 1 damage, and have 23/38 hp.
You hit the hound.
The hound is moderately wounded.
The hound closely misses you.
You hit the hound. You bite the hound, but do no damage.
The hound is heavily wounded.
The hound bites you. The hound closely misses you.
You take 3 damage, and have 21/38 hp.
A hound is nearby!
A hound is nearby!
A hound is nearby!
You are too injured to fight recklessly!
You are too injured to fight recklessly!
You are too injured to fight recklessly!
You are too injured to fight recklessly!
You are too injured to fight recklessly!
You are too injured to fight recklessly!
You closely miss the hound.
The hound is heavily wounded.
The hound bites you but does no damage. The hound closely misses you.
You hit the hound but do no damage.
The hound is heavily wounded.
The hound completely misses you.
You hit the hound.
The hound is heavily wounded.
The hound bites you. x2
You take 2 damage, and have 19/38 hp.
You closely miss the hound. Your bite misses the hound.
The hound is heavily wounded.
The hound barely misses you. The hound closely misses you.
You hit the hound. Your bite misses the hound.
The hound is almost dead.
The hound bites you but does no damage.
You hit the hound.
The hound is almost dead.
The hound closely misses you. The hound bites you.
You take 1 damage, and have 18/38 hp.
You closely miss the hound.
The hound is almost dead.
The hound bites you but does no damage.
You closely miss the hound.
The hound is almost dead.
The hound bites you.
* * * LOW HITPOINT WARNING * * *
The hound bites you.
* * * LOW HITPOINT WARNING * * *
You take 6 damage, and have 13/38 hp.
Unknown command.
You hit the hound but do no damage.
The hound is almost dead.
The hound barely misses you.
Your ring mail prevents you from hitting the hound.
Your bite misses the hound.
The hound is almost dead.
The hound bites you.
* * * LOW HITPOINT WARNING * * *
The hound bites you.
* * * LOW HITPOINT WARNING * * *
You take 7 damage, and have 6/38 hp.
You hit the hound but do no damage.
The hound is almost dead.
The hound bites you.
* * * LOW HITPOINT WARNING * * *
You take 3 damage, and have 3/38 hp.
You hit the hound but do no damage.
The hound is almost dead.
The hound bites you.
* * * LOW HITPOINT WARNING * * *
The hound bites you but does no damage.
You take 1 damage, and have 2/38 hp.
You hit the hound.
The hound is almost dead.
The hound bites you but does no damage. The hound bites you.
You die... ██.. .............. .... ..............█ █.. .............. .. >.█ ............███.█ █ ...........█....█ ████

.█...█..........██ ....
.................█ ███
█... █..h@.........█ █
████...████.............█
█
█......................█
█
█.██.█.██████....██...██
███...............███..██
.).÷..............█ █.██
.████....██≈█.....█ █.█
.██ ..█≈█≈ ███.(.███.█
..███..█ ≈≈≈ █...█...█


You could see a hound.

Vanquished Creatures
  4 adders (D:2)
  3 dart slugs
  A leopard gecko (D:2)
  A giant cockroach (D:2)
  4 goblins
  3 hobgoblins
  A bat (D:1)
  3 kobolds (D:1)
  4 rats
24 creatures vanquished.

Notes
Turn   | Place    | Note
-------+----------+-------------------------------------------
     0 | D:1      | Goblin1989 the Gnoll Hunter began the quest for the Orb.
     0 | D:1      | Reached XP level 1. HP: 20/20 MP: 1/1
   105 | D:1      | Reached XP level 2. HP: 26/26 MP: 2/2
  1187 | D:2      | Reached XP level 3. HP: 14/31 MP: 3/3
  1500 | D:2      | Reached skill level 1 in Invocations
  1707 | D:2      | Reached skill level 1 in Short Blades
  1707 | D:2      | Reached skill level 1 in Long Blades
  1707 | D:2      | Reached skill level 1 in Axes
  1707 | D:2      | Reached skill level 1 in Maces & Flails
  1707 | D:2      | Reached skill level 1 in Polearms
  1707 | D:2      | Reached skill level 1 in Staves
  1707 | D:2      | Reached skill level 1 in Bows
  1707 | D:2      | Reached skill level 1 in Crossbows
  1707 | D:2      | Reached skill level 1 in Throwing
  1707 | D:2      | Reached skill level 1 in Armour
  1707 | D:2      | Reached skill level 1 in Shields
  1707 | D:2      | Reached skill level 1 in Unarmed Combat
  1707 | D:2      | Reached skill level 1 in Spellcasting
  1707 | D:2      | Reached skill level 1 in Evocations
  1707 | D:2      | Reached XP level 4. HP: 28/38 MP: 5/5
  1802 | D:2      | Slain by a hound

Skill      XL: |  1  2  3 |
---------------+----------+-----
Invocations    | 1 |  1.1
Short Blades   | 1 |  1.0
Long Blades    | 1 |  1.0
Axes           | 1 |  1.0
Maces & Flails | 1 |  1.0
Polearms       | 1 |  1.0
Staves         | 1 |  1.0
Bows           | 1 |  1.0
Crossbows      | 1 |  1.0
Throwing       | 1 |  1.0
Armour         | 1 |  1.0
Shields        | 1 |  1.0
Unarmed Combat | 1 |  1.0
Spellcasting   | 1 |  1.0
Evocations     | 1 |  1.0
Fighting       | |  4.6
Slings         | |  8.5
Dodging        | |  4.6
Stealth        | |  2.5
Conjurations   | |  0.7
Hexes          | |  0.7
Charms         | |  0.7
Summonings     | |  0.7
Necromancy     | |  0.7
Translocations | |  0.7
Transmutations | |  0.7
Fire Magic     | |  0.7
Ice Magic      | |  0.7
Air Magic      | |  0.7
Earth Magic    | |  0.7
Poison Magic   | |  0.7

Action                   |  1- 3 |  4- 6 || total
-------------------------+-------+-------++-------
Melee: Whip              |    73 |    31 ||   104
       Bite              |    11 |     3 ||    14
 Fire: Hunting sling     |    24 |       ||    24
  Use: Scroll            |       |     2 ||     2
 Stab: Sleeping          |     4 |       ||     4
  Eat: Chunk             |     2 |       ||     2
Armor: Ring mail         |    14 |    11 ||    25
       Leather armour    |     3 |       ||     3
Dodge: Dodged            |    51 |    20 ||    71

Levels and vault maps discovered:
D:1:      dpeg_arrival_tiny_i, layout_basic, serial_bayou_pond_e,
          minmay_misc_feat_five
D:2:      layout_rooms, lightli_temple_of_fire, minivault_4
